 Dungeon Crawl Stone Soup version 0.30-a0-389-g8d7d949f56 (webtiles) character file.

Game seed: 1884674181057380194

184 arthad the Insei (level 5, 0/41 HPs)
             Began as a Gnoll Transmuter on Dec 3, 2022.
             Was a Follower of Okawaru.
             Slain by a kobold
             ... wielding a +2 whip of freezing
              (3 damage)
             ... in a sewer.
             The game lasted 00:05:07 (1688 turns).

arthad the Insei (Gnoll Transmuter)                 Turns: 1688, Time: 00:05:07

Health: 0/41       AC:  3    Str: 10      XL:     5   Next: 64%
Magic:  8/12       EV: 16    Int: 13 (14) God:    Okawaru [*.....]
Gold:   66         SH:  0    Dex: 12      Spells: 8/14 levels left

rFire   + . .      SeeInvis +      - Unarmed
rCold   . . .      Faith    .    (no shield)
rNeg    . . .      Spirit   .    (no body armour)
rPois   .          Reflect  .    (helmet currently unavailable)
rElec   .          Harm     .    (no cloak)
rCorr   .          Rampage  .    f - +2 pair of gloves
Will    .....                    (boots currently unavailable)
Stlth   +++.......               (no amulet)
HPRegen 0.26/turn                d - ring of protection from fire
MPRegen 0.13/turn                i - ring of see invisible

@: appendages (expiring), heroic, wereblooded
A: horns 2, talons 2, fangs 1, strong nose, distributed training
a: End Transformation, Renounce Religion, Heroism


You were in a sewer.
You worshipped Okawaru.
Okawaru was aware of your devotion.
You had temporarily grown beastly horns and talons.
You visited 1 branch of the dungeon, and saw 3 of its levels.
You also visited: Sewer.

You collected 66 gold pieces.

Inventory:

Hand Weapons
 h - a +2 short sword of protection
 q - a +0 broad axe
Missiles
 e - 8 poisoned darts
Armour
 a - a +0 robe
 f - a +2 pair of gloves (worn)
 r - the +5 chain mail "Weebesk" {+Inv rPois Str-3}
   (You found it on level 2 of the Dungeon)

   Str:       It affects your strength (-3).
   rPois:     It protects you from poison.
   +Inv:      It lets you turn invisible.
Jewellery
 d - a ring of protection from fire (left hand)
 i - a ring of see invisible (right hand)
Scrolls
 j - a scroll of poison
 l - a scroll of enchant armour
 p - 3 scrolls of teleportation
 t - a scroll of fear {unknown}
Potions
 b - a potion of lignification
 c - a potion of brilliance
 g - a potion of ambrosia {unknown}
 n - 2 potions of flight


   Skills:
 + Level 3.1(8.1) Fighting
 + Level 1.6(6.6) Short Blades
 + Level 1.6(6.6) Long Blades
 + Level 1.6(6.6) Axes
 + Level 1.6(6.6) Maces & Flails
 + Level 1.6(6.6) Polearms
 + Level 1.6(6.6) Staves
 + Level 1.6(6.6) Ranged Weapons
 + Level 1.6(6.6) Throwing
 + Level 1.6(6.6) Armour
 + Level 4.8(9.8) Dodging
 + Level 1.6(6.6) Stealth
 + Level 1.6(6.6) Shields
 + Level 6.7(11.7) Unarmed Combat
 + Level 5.2 Spellcasting
 + Level 1.3 Conjurations
 + Level 1.3 Hexes
 + Level 1.3 Summonings
 + Level 1.3 Necromancy
 + Level 1.3 Translocations
 + Level 4.0 Transmutations
 + Level 1.3 Fire Magic
 + Level 1.3 Ice Magic
 + Level 1.3 Air Magic
 + Level 1.3 Earth Magic
 + Level 1.3 Poison Magic
 + Level 1.9 Invocations
 + Level 1.6 Evocations


You had 8 spell levels left.
You knew the following spells:

 Your Spells              Type           Power      Damage    Failure   Level
a - Beastly Appendage     Tmut           26%        N/A       3%          1
b - Wereblood             Tmut           13%        N/A       5%          2
c - Spider Form           Tmut/Pois      10%        N/A       19%         3

Your spell library contained the following spells:

 Spells                   Type           Power      Damage    Failure   Level
 Ice Form                 Ice/Tmut       10%        N/A       52%         4


Dungeon Overview and Level Annotations

Branches:
Dungeon (3/15)              Sewer (1/1)

Altars:
Okawaru


Innate Abilities, Weirdness & Mutations

You have temporarily grown beastly horns and talons.
You have very sharp teeth.
Your uncanny sense of smell can sniff out nearby items.
Your experience applies equally to all skills.


Message History

You barely miss the kobold brigand.
You bite the kobold brigand, but do no damage.
The kobold brigand is moderately wounded.
The kobold hits you with a +0 club. The kobold barely misses you.
The kobold brigand misses you.
Unknown command.
You closely miss the kobold brigand. Your kick misses the kobold brigand.
You bite the kobold brigand, but do no damage.
The kobold brigand is moderately wounded.
The kobold barely misses you. x2
The kobold brigand hits you with a +0 whip.
You closely miss the kobold brigand.
The kobold brigand is moderately wounded.
The kobold misses you. The kobold brigand misses you.
The kobold hits you but does no damage.
You barely miss the kobold brigand.
You claw the kobold brigand, but do no damage.
Your bite misses the kobold brigand.
The kobold brigand is moderately wounded.
The kobold closely misses you.
You hit the kobold brigand. Your kick misses the kobold brigand.
Your headbutt misses the kobold brigand.
The kobold brigand is heavily wounded.
Your transformation is almost over.
The kobold hits you with a +2 whip of freezing.
The kobold freezes you.
The kobold brigand hits you with a +0 whip!
* * * LOW HITPOINT WARNING * * *
The kobold splashes around in the water.
Unknown command.
Unknown command.
You gain the combat prowess of a mighty hero.
The kobold completely misses you. The kobold brigand barely misses you.
The kobold splashes around in the water.
You hit the kobold but do no damage. You claw the kobold.
The kobold is severely wounded.
The kobold hits you with a +2 whip of freezing!
* * * LOW HITPOINT WARNING * * *
The kobold freezes you.
You die...

~≈≈≈≈≈≈≈≈≈
~≈≈~≈~≈≈≈≈≈≈≈≈≈≈≈#≈
~~≈~≈≈≈≈≈≈≈≈≈≈≈≈≈≈
~~~≈~≈≈≈≈≈≈≈≈≈≈≈≈#
..~~~~~~~≈≈≈≈≈≈≈≈# # #
....~~~~~~≈~~~~~~# .#.!#
........~~~~~~~~K#.....#
................@K....#
................K#.....#
##..†..†.........# .#.!#
####......###..### # #
######...## #### .∩#
##### ###


You could see a kobold brigand and 2 kobolds.

Vanquished Creatures
  An orc priest (D:3)
  An orc wizard (D:3)
  2 river rats (Sewer)
  5 adders
  3 worms
  An orc (D:3)
  7 ball pythons
  2 endoplasms
  6 giant cockroaches
  6 goblins
  6 hobgoblins
  4 jackals
  3 kobolds (Sewer)
  A bat (D:1)
  3 frilled lizards
  8 rats
59 creatures vanquished.

Vanquished Creatures (others)
  4 toadstools (D:1)
4 creatures vanquished.

Grand Total: 63 creatures vanquished

Notes
Turn   | Place    | Note
-------+----------+-------------------------------------------
     0 | D:1      | arthad the Gnoll Transmuter began the quest for the Orb.
     0 | D:1      | Reached XP level 1. HP: 17/17 MP: 6/6
   134 | D:1      | Reached XP level 2. HP: 20/23 MP: 5/7
   813 | D:2      | Reached skill level 5 in Spellcasting
   813 | D:2      | Reached XP level 3. HP: 24/28 MP: 7/9
   816 | D:2      | Reached skill level 1 in Invocations
   823 | D:2      | Learned a level 2 spell: Wereblood
   827 | D:2      | Learned a level 3 spell: Spider Form
   837 | D:2      | Found an iron altar of Okawaru.
   866 | D:2      | Became a worshipper of Warmaster Okawaru
  1076 | D:2      | Reached skill level 1 in Short Blades
  1076 | D:2      | Reached skill level 1 in Long Blades
  1076 | D:2      | Reached skill level 1 in Axes
  1076 | D:2      | Reached skill level 1 in Maces & Flails
  1076 | D:2      | Reached skill level 1 in Polearms
  1076 | D:2      | Reached skill level 1 in Staves
  1076 | D:2      | Reached skill level 1 in Ranged Weapons
  1076 | D:2      | Reached skill level 1 in Throwing
  1076 | D:2      | Reached skill level 1 in Armour
  1076 | D:2      | Reached skill level 1 in Stealth
  1076 | D:2      | Reached skill level 1 in Shields
  1076 | D:2      | Reached skill level 1 in Evocations
  1208 | D:2      | Identified the +5 chain mail "Weebesk" {+Inv rPois Str-3}
  1427 | D:3      | Reached skill level 1 in Conjurations
  1427 | D:3      | Reached skill level 1 in Hexes
  1427 | D:3      | Reached skill level 1 in Summonings
  1427 | D:3      | Reached skill level 1 in Necromancy
  1427 | D:3      | Reached skill level 1 in Translocations
  1427 | D:3      | Reached skill level 1 in Fire Magic
  1427 | D:3      | Reached skill level 1 in Ice Magic
  1427 | D:3      | Reached skill level 1 in Air Magic
  1427 | D:3      | Reached skill level 1 in Earth Magic
  1427 | D:3      | Reached skill level 1 in Poison Magic
  1427 | D:3      | Reached XP level 4. HP: 33/34 MP: 11/11
  1439 | D:3      | Reached XP level 5. HP: 33/40 MP: 12/12
  1459 | D:3      | Found a glowing drain.
  1490 | D:3      | Reached * piety under Okawaru
  1509 | Sewer    | Entered a sewer
  1675 | Sewer    | Noticed a kobold brigand
  1688 | Sewer    | Slain by a kobold

Illustrated notes

Levels and vault maps discovered:
D:1:      ldierk_water_garden, layout_basic, grunt_decor_clamped,
          grunt_decor_mini_mirrors, nrook_loot_triangle
D:2:      layout_rooms, basic_altar
D:3:      layout_rooms, gup_sewer_entry_glass, serial_forest,
          infiniplex_forest_lined_corner, infiniplex_forest_lined_room_,
          infiniplex_forest_split, infiniplex_forest_clump_diagonal,
          infiniplex_forest_clump_curved, nrook_uturn
Sewer:    sewer_minmay_treatment

Skill      XL: |  1  2  3  4  5 |
---------------+----------------+-----
Spellcasting   | 5 |  5.2
Invocations    | 1 |  1.9
Short Blades   | 1 |  1.6
Long Blades    | 1 |  1.6
Axes           | 1 |  1.6
Maces & Flails | 1 |  1.6
Polearms       | 1 |  1.6
Staves         | 1 |  1.6
Ranged Weapons | 1 |  1.6
Throwing       | 1 |  1.6
Armour         | 1 |  1.6
Stealth        | 1 |  1.6
Shields        | 1 |  1.6
Evocations     | 1 |  1.6
Conjurations   | 1 |  1.3
Hexes          | 1 |  1.3
Summonings     | 1 |  1.3
Necromancy     | 1 |  1.3
Translocations | 1 |  1.3
Fire Magic     | 1 |  1.3
Ice Magic      | 1 |  1.3
Air Magic      | 1 |  1.3
Earth Magic    | 1 |  1.3
Poison Magic   | 1 |  1.3
Fighting       | 3 |  3.1
Transmutations | 4 |  4.0
Dodging        | |  4.8
Unarmed Combat | |  6.7

Action                   |  1- 3 |  4- 6 || total
-------------------------+-------+-------++-------
Melee: Unarmed           |   109 |    74 ||   183
       Kick              |    11 |     3 ||    14
       Bite              |    10 |    10 ||    20
       Headbutt          |     9 |     1 ||    10
       Punch             |     5 |     2 ||     7
 Cast: Beastly Appendage |    14 |     2 ||    16
       Wereblood         |       |     2 ||     2
Invok: Heroism           |       |     1 ||     1
  Use: Scroll            |     7 |       ||     7
       Potion            |     5 |       ||     5
 Stab: Sleeping          |     1 |       ||     1
Armor: Robe              |    20 |       ||    20
       Chain mail        |    13 |    37 ||    50
       Skin              |       |     4 ||     4
Dodge: Dodged            |    67 |    29 ||    96

Table legend: (Time is in decaauts)
 A = Elapsed time spent in this place.
 B = Non-inter-level travel time spent in this place.
 C = Inter-level travel time spent in this place.
 D = Time resting spent in this place.
 E = Time spent auto-exploring this place.
 F = Levels seen in this place.
 G = Mean time per level.
                   A        B        C        D        E       F      G
               +--------+--------+--------+--------+--------+-----+--------+
         Total |   1669 |   1620 |     49 |     97 |   1024 |   4 |  417.2 |
       Dungeon |   1493 |   1444 |     49 |     97 |    913 |   3 |  497.7 |
         Sewer |    175 |    175 |      0 |      0 |    111 |   1 |  175.0 |
               +--------+--------+--------+--------+--------+-----+--------+

Top non-repeatable levels by time:
     D:1: 793 daAuts
     D:2: 593 daAuts
   Sewer: 175 daAuts
     D:3: 106 daAuts
